 Dungeon Crawl Stone Soup version 0.30.0-13-g156ef70053 (webtiles) character file.

Game seed: 2739216983632380175

902 Brutalitops the Chiller (level 7, -4/25 (28) HPs)
             Began as a Felid Ice Elementalist on May 18, 2023.
             Was a Follower of Sif Muna.
             Slain by a wight
             ... wielding a +2 vampiric hand axe
              (11 damage)
             ... on level 7 of the Dungeon.
             The game lasted 00:32:09 (6482 turns).

Brutalitops the Chiller (Felid Ice Elementalist)    Turns: 6482, Time: 00:32:11

HP:   -4/25 (28)    AC:  2    Str:  4    XL:     7   Next: 80%
MP:   17/17         EV: 19    Int: 19    God:    Sif Muna [*.....]
Gold: 382           SH:  0    Dex: 16    Spells: 11/18 levels left
                                        Lives: 0   Deaths: 2

rFire   . .          .
                       - Unarmed
rCold   . . .        (shield unavailable)
rNeg    . . .        (body armour unavailable)
rPois   .            (helmet unavailable)
rElec   .            (cloak unavailable)
rCorr   .            (gloves unavailable)
SInv    +            (boots unavailable)
Will    +....        e - amulet of regeneration
Stlth   +++          (no ring)
HPRegen 1.04/turn    (no ring)
MPRegen 0.15/turn

%: no passive effects
@: heavily drained, quick
A: very small, claws 1, fangs 3, see invisible, speed 1, shaggy fur 2, stealthy
paws, no weapons or thrown items, no armour, multi-lived
a: Renounce Religion, Channel Magic


You were on level 7 of the Dungeon.
You worshipped Sif Muna.
Sif Muna was aware of your devotion.
You visited 1 branch of the dungeon, and saw 7 of its levels.
You also visited: Sewer and Bailey.

You collected 434 gold pieces.
You spent 52 gold pieces at shops.

Inventory:

Jewellery
 e - an amulet of regeneration (around neck)
Wands
 p - a wand of roots (7)
 r - a wand of digging (2)
 u - a wand of paralysis (11)
Scrolls
 b - 5 scrolls of teleportation
 c - a scroll of torment {unknown}
 h - a scroll of blinking {unknown}
 j - a scroll of summoning {unknown}
 k - a scroll of fear {unknown}
 n - a scroll of vulnerability {unknown}
 q - 4 scrolls of amnesia
 s - a scroll of enchant weapon {unknown}
 v - 2 scrolls of poison
 w - a scroll of magic mapping {unknown}
 x - a scroll of immolation {unknown}
Potions
 a - a potion of magic
 d - 3 potions of haste
 f - a potion of attraction {unknown}
 g - a potion of ambrosia
 i - a potion of brilliance
 m - a potion of cancellation {unknown}
 o - a potion of resistance


   Skills:
 + Level 1.1 Fighting
 + Level 4.6 Dodging
 + Level 5.8 Stealth
 + Level 3.9 Unarmed Combat
 + Level 6.2 Spellcasting
 + Level 6.8 Ice Magic
 * Level 2.6 Invocations


You had 11 spell levels left.
You knew the following spells:

 Your Spells              Type           Power      Damage    Failure   Level
a - Freeze                Ice            100%       1d10      1%          1
b - Frozen Ramparts       Ice            64%        1d10      1%          3
c - Ozocubu's Armour      Ice            32%        N/A       1%          3

Your spell library contained the following spells:

 Spells                   Type           Power      Damage    Failure   Level
 Summon Ice Beast         Ice/Summ       19%        N/A       26%         4
 Dazzling Flash           Conj/Hex       10%        N/A       32%         3
 Volatile Blastmotes      Fire/Tloc      10%        2d10      32%         3
 Iskenderun's Mystic Bla  Conj/Tloc      5%         2d3       73%         4
 Manifold Assault         Tloc           5%         N/A       73%         4
 Dispersal                Tloc           2%         N/A       100%        6
 Starburst                Conj/Fire      2%         6d3       100%        6
 Disjunction              Tloc           2%         N/A       100%        8


Dungeon Overview and Level Annotations

Branches:
Dungeon (7/15)             Temple (0/1) D:4           Sewer (visited)
 Bailey (visited)

Altars:
Dithmenos
Fedhas
Gozag
Hepliaklqana
Ru
Sif Muna
Wu Jian

Shops:
D:1 (   D:5 =   D:6 *   D:7 ?


Innate Abilities, Weirdness & Mutations

You have sharp claws.
You have razor-sharp teeth.
You have supernaturally acute eyesight. (SInv)
You cover ground quickly. (Speed+)
You are covered in thick fur. (AC +2)
Your paws help you pounce on unaware monsters.
You are incapable of wielding weapons or throwing items.
You cannot wear armour.
You gain extra lives every three experience levels.


Message History

The wall freezes the gnoll sergeant but does no damage.
The gnoll sergeant hits you with a +1 trident of venom.
* * * LOW HITPOINT WARNING * * *
You are more poisoned.
The frozen ramparts melt away.
You die...
You feel very sick. The gnoll sergeant closely misses you.
You are now level 7!
You rejoin the land of the living...
Found an escape hatch in the ceiling.
A wight comes into view. It is wielding a +0 spear.
A wight comes into view. It is wielding a +5 dagger.
A wight comes into view. It is wielding a +2 vampiric hand axe.
The wight throws a javelin.
The javelin closely misses you.
Found an amethyst potion and a brown potion.
The wight completely misses you.
You barely miss the wight. The wight completely misses you.
The wight misses you.
The wight hits you from afar with a +0 spear.
You feel drained.
The iguana hisses angrily.
You scratch the wight.
The wight is lightly damaged.
The wight hits you with a +5 dagger!
A jelly comes into view.
The wight barely misses you.
The wight throws a javelin.
The javelin pierces through you.
Unknown command.
Unknown command.
The wight completely misses you. The wight misses you.
The wight throws a javelin.
The javelin barely misses you.
The steam dragon hisses angrily.
The wight barely misses you. The wight hits you with a +5 dagger.
* * * LOW HITPOINT WARNING * * *
You feel drained.
* * * LOW HITPOINT WARNING * * *
The wight barely misses you.
The wight hits you with a +2 vampiric hand axe!
You die...

....g.......
......!.................
........................
......D.................
.......................#
.......................#
!........zl............#
......z.................
.......@z...............
......z.....<...........
.......z.............. .
...................... .
........................
........................
.......................#
..J................... #
.....................


You could see a steam dragon, an iguana, a jelly (wandering) and 5 wights.

Vanquished Creatures
  Edmund (D:5)
  2 water moccasins
  2 sky beasts
  A black bear (D:5)
  An ogre (D:5)
  A phantom (D:5)
  2 kobold brigands (Sewer)
  A bullfrog (D:7)
  3 scorpions
  2 howler monkeys (D:7)
  A hound (D:6)
  2 sleepcaps
  3 iguanas
  7 orc wizards
  10 adders
  4 gnolls (D:7)
  A shadow imp (D:5)
  2 ufetubi
  3 worms (D:3)
  A dart slug (D:1)
  9 orcs
  8 bats
  14 endoplasms
  6 giant cockroaches
  9 hobgoblins
  4 jackals (D:1)
  2 quokkas
  7 ball pythons
  4 frilled lizards
  8 goblins
  16 kobolds
  8 rats
145 creatures vanquished.

Notes
Turn   | Place    | Note
-------+----------+-------------------------------------------
     0 | D:1      | Brutalitops the Felid Ice Elementalist began the quest for
                  | the Orb.
     0 | D:1      | Reached XP level 1. HP: 7/7 MP: 4/4
    56 | D:1      | Noticed a centaur
   213 | D:1      | Reached XP level 2. HP: 10/11 MP: 1/6
   576 | D:1      | Reached XP level 3. HP: 14/14 MP: 4/7
   582 | D:1      | Learned a level 3 spell: Frozen Ramparts
   769 | D:1      | Found Ekuyf's Weapon Shoppe.
  1389 | D:2      | Reached XP level 4. HP: 18/18 MP: 5/9
  1770 | D:2      | Found a hazy altar of Hepliaklqana.
  2115 | D:3      | Found an opulent altar of Gozag.
  2196 | D:3      | Found a blossoming altar of Fedhas.
  2226 | D:3      | Found a glowing drain.
  2235 | Sewer    | Entered a sewer
  2535 | Sewer    | Reached XP level 5. HP: 20/21 MP: 6/10
  2589 | Sewer    | Slain by a kobold brigand
  2590 | Sewer    | Reached XP level 4. HP: -1/18 MP: 8/9
  2596 | Sewer    | Killed a kobold brigand
  2597 | Sewer    | Reached skill level 1 in Unarmed Combat
  2597 | Sewer    | Reached skill level 5 in Ice Magic
  2597 | Sewer    | Reached XP level 5. HP: 5/21 MP: 6/11
  2660 | Sewer    | Learned a level 3 spell: Ozocubu's Armour
  3021 | D:3      | Found a shimmering blue altar of Sif Muna.
  3024 | D:3      | Became a worshipper of Sif Muna the Loreminder
  3127 | D:4      | Found a sacrificial altar of Ru.
  3205 | D:4      | HP: 1/21 [orc wizard/+1 dagger of protection (5)]
  3213 | D:4      | Gained mutation: You are covered in thick fur. (AC +2)
                  | [Felid growth]
  3213 | D:4      | Reached XP level 6. HP: 17/25 MP: 6/12
  3453 | D:4      | Found an ornate altar of the Wu Jian Council.
  3540 | D:4      | Found a staircase to the Ecumenical Temple.
  3613 | D:4      | Noticed a sky beast
  3622 | D:4      | Found a shadowy altar of Dithmenos.
  3626 | D:4      | Killed a sky beast
  3935 | D:5      | Entered Level 5 of the Dungeon
  3990 | D:5      | Noticed Edmund
  4097 | D:5      | Reached XP level 7. HP: 28/28 MP: 8/14
  4417 | D:5      | Killed Edmund
  4418 | D:5      | Reached skill level 1 in Fighting
  4418 | D:5      | Reached skill level 5 in Stealth
  4418 | D:5      | Reached skill level 5 in Spellcasting
  4670 | D:5      | Reached * piety under Sif Muna
  4752 | D:5      | Reached XP level 8. HP: 26/32 MP: 10/17
  4813 | D:5      | Found Fuyno's Jewellery Shop.
  5382 | D:6      | Reached skill level 1 in Invocations
  5621 | D:6      | Found Reytokil's General Store.
  5643 | D:6      | Bought a scroll of noise for 13 gold pieces
  5643 | D:6      | Bought a scroll of teleportation for 39 gold pieces
  6071 | D:7      | Found a flagged portal.
  6078 | Bailey   | Entered a bailey
  6148 | Bailey   | Noticed an orc knight
  6432 | D:7      | Found Wexuaju's Magic Scroll Emporium.
  6458 | D:7      | HP: 1/32 [gnoll sergeant/+1 trident of venom (6)]
  6470 | D:7      | Succumbed to a gnoll sergeant's poison
  6471 | D:7      | Reached XP level 7. HP: -1/28 MP: 17/17
  6482 | D:7      | Slain by a wight

Illustrated notes

Levels and vault maps discovered:
D:1:      evilmike_arrival_come_back, layout_rooms, serial_shops,
          nicolae_shop_bloodbath_and_beyond, chequers_serial_rivers_room_b,
          kennysheep_nondescript, minmay_pentomino_q4
D:2:      layout_basic, basic_altar
D:3:      layout_basic, lemuel_blue_sif_altar, fedhas_altar_2,
          mainiacjoe_overflow_alcove_2, cheibrodos_sewer_entry_bend,
          nicolae_figureground_pulse
D:4:      layout_basic, grunt_dithmenos_smoke_and_mirrors,
          nzn_wu_jian_contemplation, nicolae_ru_sacrificial_ziggurat,
          temple_doors_e
D:5:      layout_basic, serial_shops, nicolae_shop_window_shopping, uniq_edmund
D:6:      cheibrodos_quashed, layout_gridville, serial_shops,
          nicolae_shop_waterfront, minmay_strange_pillars
D:7:      layout_basic, serial_shops, shop, enter_bailey_2, minivault_10

Skill      XL: |  1  2  3  4  5  6  7  8 |
---------------+-------------------------+-----
Dodging        | 3 4 |  4.6
Ice Magic      | 4 5 6 |  6.8
Stealth        | 3 4 5 |  5.8
Spellcasting   | 3 4 5 6 |  6.2
Unarmed Combat | 1 2 3 |  3.9
Fighting       | 1 |  1.1
Invocations    | 2 |  2.6

Action                     |  1- 3 |  4- 6 |  7- 9 || total
---------------------------+-------+-------+-------++-------
  Melee: Unarmed           |    21 |   108 |   127 ||   256
         Bite              |     2 |     8 |    20 ||    30
         Punch             |       |     4 |     2 ||     6
   Cast: Freeze            |    54 |    28 |     5 ||    87
         Frozen Ramparts   |       |    21 |    28 ||    49
         Ozocubu's Armour  |       |     4 |    17 ||    21
    Use: Scroll            |     2 |     1 |     2 ||     5
         Potion            |       |     7 |     7 ||    14
   Stab: Sleeping          |     6 |    15 |     5 ||    26
         Distracted        |     2 |       |       ||     2
 Armour: Skin              |     2 |    11 |    25 ||    38
  Dodge: Dodged            |    34 |    76 |   109 ||   219
